Map: Abyssal Reef LE

Players

souL

  • Race: Terran Terran
  • Spawn Location: 5:00

PtitDrogo - Winner!

  • Race: Protoss Protoss
  • Spawn Location: 11:00

Event: WCS Valencia 2017

VOD

Have the link to the VOD?

Description

Time

  • Played on: July 13, 2017, 2:25 p.m.
  • Length: 5:16

All games in this series

Show
View Real Time Build Order
Export as new Build Order

souL Terran 

Build Orders:  

Get SALT Encoding   

  12  0:00  SCV  
  13  0:13  SCV  
  14  0:17  Supply Depot  
  14  0:25  SCV  
  15  0:38  SCV  
  15  0:39  Barracks  
  16  0:46  Refinery  
  16  0:50  SCV  
  17  1:06  SCV, Barracks  
  18  1:26  Orbital Command  
  18  1:30  Reaper  
  19  1:53  Reaper  
  20  1:54  SCV  
  21  2:01  Command Center  
  21  2:06  Barracks Reactor  
  21  2:09  SCV  
  21  2:14  Supply Depot  
  22  2:21  SCV  
  23  2:43  SCV  
  23  2:46  Command Center  
  23  2:54  Marine  
  23  2:56  Engineering Bay  
  23  2:57  Marine  
  25  3:00  SCV  
  26  3:14  Orbital Command  
  26  3:15  Bunker  
  26  3:22  Missile Turret  
  26  3:23  SCV  
  26  3:25  Marine  
  27  3:27  Marine  
  26  3:35  SCV  
  27  3:43  Marine  
  27  3:48  Marine  
  28  3:52  SCV  
  28  3:54  Barracks Tech Lab  
  28  3:57  SCV  
  28  4:01  Marine  
  30  4:04  SCV  
  30  4:16  Orbital Command  
  27  4:17  SCV  
  27  4:19  Marine x3, SCV  
  32  4:26  Bunker  
  32  4:29  SCV  
  32  4:30  Factory  
  33  4:33  SCV  
  33  4:36  Marine x2  
  33  4:37  Marine  
  36  4:41  SCV  
  31  4:47  Missile Turret  
  31  4:50  SCV  
  31  4:52  SCV  
  31  4:54  Marine x3  
  31  4:57  SCV  
  34  5:02  SCV  
  35  5:08  Missile Turret  
Show
View Real Time Build Order
Export as new Build Order

PtitDrogo Protoss - Winner!

Build Orders: Oracle Opening 

Get SALT Encoding   

  12  0:01  Probe (Chrono Boost)  
  13  0:11  Probe (Chrono Boost)  
  14  0:18  Pylon  
  14  0:22  Probe (Chrono Boost)  
  15  0:36  Probe (Chrono Boost), Gateway  
  15  0:41  Assimilator  
  16  0:46  Probe (Chrono Boost)  
  17  0:51  Assimilator  
  17  0:57  Probe (Chrono Boost)  
  18  1:08  Probe (Chrono Boost)  
  20  1:18  Probe (Chrono Boost)  
  20  1:22  Cybernetics Core  
  20  1:29  Probe (Chrono Boost)  
  20  1:31  Pylon  
  21  1:39  Probe (Chrono Boost)  
  22  1:50  Probe (Chrono Boost)  
  23  1:59  Adept  
  23  2:01  Mothership Core (Chrono Boost)  
  27  2:02  Stargate  
  27  2:19  Probe (Chrono Boost)  
  28  2:29  Nexus  
  28  2:35  Probe  
  27  2:51  Oracle (Chrono Boost)  
  29  2:55  Probe  
  30  3:08  Probe, Warp Gate (Chrono Boost)  
  31  3:33  Pylon  
  31  3:40  Probe, Oracle (Chrono Boost), Stalker  
  37  3:45  Probe  
  38  3:52  Probe  
  39  3:55  Probe  
  40  4:04  Probe  
  40  4:06  Probe  
  42  4:10  Adept  
  42  4:15  Oracle (Chrono Boost)  
  42  4:16  Probe x2  
  48  4:23  Gateway x2  
  49  4:28  Probe  
  49  4:29  Probe  
  51  4:41  Probe  
  52  4:47  Probe  
  53  4:53  Probe  
  53  4:56  Pylon  
  54  5:04  Pylon  
Tags
 
Add a new tag
Caveats
  • Supply blocks, unpowered buildings, or Contaminate may cause inaccurate times.
  • Supply counts are checked every 10 seconds.